 Dungeon Crawl Stone Soup version 0.32-a0-834-geaf45d8e21 (webtiles) character file.

Game seed: 5359715362105718931

675 zenocrate the Sneak (level 7, -1/46 HPs)
             Began as an Octopode Earth Elementalist on Mar 25, 2024.
             Slain by a gnoll sergeant
             ... wielding a +2 trident of flaming
              (3 damage)
             ... on level 8 of the Dungeon.
             The game lasted 00:05:35 (3536 turns).

zenocrate the Sneak (Octopode Earth Elementalist)   Turns: 3536, Time: 00:05:35

Health: -1/46      AC:  1    Str:  9    XL:     7   Next: 59%
Magic:  7/10       EV: 12    Int: 17    God:
Gold:   146        SH:  0    Dex: 13    Spells: 1/10 levels left

rFire   . .          .
                       - Unarmed
rCold   . . .        (no shield)
rNeg    . . .        (helmet restricted)
rPois   .            p - amulet of magic regeneration
rElec   .            i - ring of resist corrosion
rCorr   +            r - ring of wizardry
SInv    .            (no ring)
Will    .....        (no ring)
Stlth   ++++         (no ring)
HPRegen 0.27/turn    (no ring)
MPRegen 0.52/turn    (no ring)
                     (no ring)

%: wizardry (x1)
@: very slightly contaminated
A: almost no armour, amphibious, 8 rings, camouflage 1, gelatinous body 1,
(nimble swimmer 1), tentacles
a: no special abilities


You were on level 8 of the Dungeon.
You visited 1 branch of the dungeon, and saw 6 of its levels.

You collected 281 gold pieces.
You spent 135 gold pieces at shops.

Inventory:

Magical Staves
 b - a staff of cold
Jewellery
 i - a ring of resist corrosion (left tentacle)
 p - an amulet of magic regeneration (around mantle)
 r - a ring of wizardry (right tentacle)
Wands
 d - a wand of polymorph (8)
 s - a wand of flame (33)
 u - a wand of digging (5)
Scrolls
 f - 2 scrolls of immolation {unknown}
 h - a scroll of vulnerability {unknown}
 m - 2 scrolls of amnesia {unknown}
 q - a scroll of blinking {unknown}
 t - 2 scrolls of teleportation {unknown}
Potions
 a - 2 potions of magic
 c - a potion of mutation
 e - 3 potions of lignification
 j - a potion of cancellation {unknown}
 k - 2 potions of invisibility {unknown}
 l - a potion of enlightenment {unknown}
 n - 3 potions of curing {unknown}
 o - a potion of brilliance {unknown}


   Skills:
 - Level 3.1 Fighting
 - Level 2.0 Dodging
 - Level 6.0 Stealth
 + Level 5.6 Unarmed Combat
 - Level 2.0 Spellcasting
 - Level 1.0 Conjurations
 - Level 3.0 Earth Magic
 + Level 1.7 Evocations


You had one spell level left.
You knew the following spells:

 Your Spells              Type           Power      Damage    Failure   Level
a - Stone Arrow           Conj/Erth      16%        3d8       11%         3
b - Sandblast             Erth           24%        2d8       2%          1
x - Blink                 Tloc           2%         N/A       12%         2
z - Passwall              Erth           12%        N/A       7%          3

Your spell library contained the following spells:

 Spells                   Type           Power      Damage    Failure   Level
 Magic Dart               Conj           20%        1d4       5%          1
 Sting                    Conj/Alch      12%        1d3       6%          1
 Momentum Strike          Conj/Tloc      6%         3d8       10%         2
 Call Imp                 Summ           2%         N/A       12%         2
 Lesser Beckoning         Tloc           2%         N/A       12%         2
 Mercury Vapours          Alch/Air       2%         N/A       12%         2
 Inner Flame              Hex/Fire       1%         N/A       22%         3
 Brom's Barrelling Bould  Conj/Erth      8%         2d3       32%         4
 Petrify                  Alch/Erth      6%         N/A       38%         4
 Flame Wave               Conj/Fire      3%         2d5       50%         4
 Olgreb's Toxic Radiance  Alch           1%         N/A       56%         4
 Sticky Flame             Fire/Alch      1%         2d4       56%         4


Dungeon Overview and Level Annotations

Branches:
Dungeon (5/15)
 Temple: D:4-7

Altars:
Hepliaklqana
Qazlal
Vehumet

Shops:
D:1 :   D:4 *

Annotations:
D:2 Natasha


Innate Abilities, Weirdness & Mutations

You cannot wear most types of armour.
You are amphibious.
You can wear up to eight rings at the same time.
Your skin changes colour to match your surroundings (Stealth+).
Your rubbery body absorbs attacks. (AC +1, EV +1)
((You are camouflaged when in or above water. (Stealth+)))
You have tentacles for arms and can constrict up to eight enemies at once.


Message History

An orc is nearby!
Casting: Stone Arrow (dangerous; 11% risk of failure)
Confirm with . or Enter, or press ? or * to list all spells.
Aiming: Stone Arrow (dangerous; 11% risk of failure)
Press: ? - help, Shift-Dir - straight line, f - orc
Aim: an orc, wielding a +0 short sword and wearing a +0 leather armour (64% to hit)
The stone arrow hits the orc!!
You kill the orc!
Casting: Stone Arrow (dangerous; 11% risk of failure)
Confirm with . or Enter, or press ? or * to list all spells.
Aiming: Stone Arrow (dangerous; 11% risk of failure)
Press: ? - help, Shift-Dir - straight line, f - gnoll sergeant
Aim: a gnoll sergeant, wielding a +2 trident of flaming, wearing a +0 scale mail and wearing a +0 buckler (74% to hit)
You miscast Stone Arrow.
You are very lightly contaminated with residual magic.
Nothing appears to happen.
The gnoll sergeant closely misses you.
You see here a bullfrog corpse.
You tentacle-slap the gnoll sergeant. Your grab misses the gnoll sergeant.
The gnoll sergeant is lightly wounded.
The gnoll sergeant hits you with a +2 trident of flaming!
The gnoll sergeant burns you.
You tentacle-slap the gnoll sergeant but do no damage.
Your grab misses the gnoll sergeant.
The gnoll sergeant is lightly wounded.
The gnoll sergeant hits you with a +2 trident of flaming!
The gnoll sergeant burns you. The gnoll sergeant blocks your attack.
Your grab misses the gnoll sergeant. Your squeeze misses the gnoll sergeant.
The gnoll sergeant is lightly wounded.
The gnoll sergeant hits you with a +2 trident of flaming!
* * * LOW HITPOINT WARNING * * *
The gnoll sergeant burns you.
* * * LOW HITPOINT WARNING * * *
Unknown command.
You feel much better.
The gnoll sergeant hits you with a +2 trident of flaming!
* * * LOW HITPOINT WARNING * * *
The gnoll sergeant burns you.
You die...

####### #.....# #.###.# #@#
#.# . ####g# #.# .. #..oo# #.#
..g ##.#### #.# .... #..# #.#
..g.. ##.## #.# ######
......##o.### ##.##### #....#
>....).go...# #......# #....#
.o...o#.....####......###....#


You could see a gnoll sergeant, an orc wizard and an orc.

Vanquished Creatures
  A phantom (D:4)
  A bullfrog (D:8)
  A scorpion (D:4)
  2 bombardier beetles (D:4)
  2 hounds
  An orc priest (D:3)
  Natasha (D:2)
  2 iguanas (D:4)
  An orc wizard (D:3)
  10 gnolls
  5 adders
  A dart slug (D:1)
  4 orcs
  8 ball pythons
  2 endoplasms
  3 giant cockroaches
  7 goblins
  11 hobgoblins
  6 jackals
  2 quokkas
  6 bats
  3 frilled lizards
  5 kobolds
  7 rats
92 creatures vanquished.

Notes
Turn   | Place    | Note
-------+----------+-------------------------------------------
     0 | D:1      | zenocrate the Octopode Earth Elementalist began the quest
                  | for the Orb.
     0 | D:1      | Reached XP level 1. HP: 11/11 MP: 3/3
    31 | D:1      | Reached skill level 1 in Unarmed Combat
    33 | D:1      | Reached XP level 2. HP: 17/17 MP: 0/5
   341 | D:1      | Found Doenetin's Book Emporium.
   614 | D:2      | Reached XP level 3. HP: 19/22 MP: 6/6
   618 | D:2      | Learned a level 3 spell: Stone Arrow
   645 | D:2      | Reached skill level 1 in Fighting
   779 | D:2      | Reached XP level 4. HP: 26/29 MP: 7/7
  1184 | D:2      | Learned a level 2 spell: Blink
  1234 | D:2      | Noticed Natasha
  1242 | D:2      | Killed Natasha
  1243 | D:2      | Reached XP level 5. HP: 25/35 MP: 8/8
  1492 | D:2      | Noticed Natasha
  1857 | D:3      | Found a hazy altar of Hepliaklqana.
  1938 | D:3      | Reached skill level 3 in Stealth
  1981 | D:3      | Found a stormy altar of Qazlal.
  2000 | D:3      | Reached XP level 6. HP: 30/42 MP: 9/9
  2115 | D:3      | Found a radiant altar of Vehumet.
  2324 | D:4      | Reached skill level 4 in Stealth
  2479 | D:4      | Reached skill level 5 in Stealth
  2595 | D:4      | Reached XP level 7. HP: 46/46 MP: 10/10
  2627 | D:4      | Reached skill level 5 in Unarmed Combat
  3041 | D:4      | Reached skill level 6 in Stealth
  3301 | D:4      | Found Xamip's Assorted Antiques.
  3310 | D:4      | Bought a jewelled gold wand for 108 gold pieces
  3310 | D:4      | Bought a scroll labelled HALOCE GEGA for 27 gold pieces
  3314 | D:4      | Learned a level 3 spell: Passwall
  3357 | D:5      | Entered Level 5 of the Dungeon
  3418 | D:5      | You fall into a shaft and drop 3 floors!
  3504 | D:8      | Reached skill level 1 in Evocations
  3536 | D:8      | HP: 2/46 [gnoll sergeant/+2 trident of flaming (12)]
  3536 | D:8      | Slain by a gnoll sergeant

Illustrated notes

Levels and vault maps discovered:
D:1:      ebering_hopf_link, layout_rooms, serial_shops,
          nicolae_book_shop_shelving, serial_bayou_pond_c, hex_large
D:2:      layout_loops_ring, kennysheep_generic_room_13, uniq_natasha
D:3:      layout_rooms, vehumet_altar_wand_db, nzn_hepliaklqana_mist_gate,
          mainiacjoe_overflow_24_doors
D:4:      nicolae_cairo_tiling_large_dashed, layout_basic, serial_shops, shop,
          chequers_serial_rivers_micro_c, st_stairs_3, kennysheep_big_empty_room
D:5:      layout_rooms, uniq_prince_ribbit1, uniq_menkaure
D:8:      layout_rooms

Skill      XL: |  1  2  3  4  5  6  7 |
---------------+----------------------+-----
Unarmed Combat | 1 2 3 4 5 |  5.6
Fighting       | 1 2 3 |  3.1
Stealth        | 3 5 6 |  6.0
Evocations     | 1 |  1.7
Dodging        | |  2.0
Spellcasting   | |  2.0
Conjurations   | |  1.0
Earth Magic    | |  3.0

Action                     |  1- 3 |  4- 6 |  7- 9 || total
---------------------------+-------+-------+-------++-------
  Melee: Unarmed           |    48 |   100 |    26 ||   174
         Constrict         |    18 |    28 |     8 ||    54
         Tentacles         |     8 |    25 |     6 ||    39
         Punch             |       |     6 |     1 ||     7
   Cast: Sandblast         |    11 |    21 |       ||    32
         Stone Arrow       |       |       |     5 ||     5
    Use: Scroll            |       |     3 |       ||     3
         Potion            |       |     1 |     1 ||     2
   Stab: Sleeping          |     4 |     5 |     3 ||    12
         Distracted        |     1 |     1 |       ||     2
 Armour: Skin              |    27 |    54 |    16 ||    97
  Dodge: Dodged            |    25 |    49 |    12 ||    86

Table legend: (Time is in decaauts)
 A = Elapsed time spent in this place.
 B = Non-inter-level travel time spent in this place.
 C = Inter-level travel time spent in this place.
 D = Time resting spent in this place.
 E = Time spent auto-exploring this place.
 F = Levels seen in this place.
 G = Mean time per level.
                   A        B        C        D        E       F      G
               +--------+--------+--------+--------+--------+-----+--------+
         Total |   3537 |   3446 |     91 |      2 |   2767 |   6 |  589.5 |
       Dungeon |   3537 |   3446 |     91 |      2 |   2767 |   6 |  589.5 |
               +--------+--------+--------+--------+--------+-----+--------+

Top non-repeatable levels by time:
     D:4: 1081 daAuts
     D:2: 867 daAuts
     D:3: 753 daAuts
     D:1: 657 daAuts
     D:8: 117 daAuts
     D:5: 60 daAuts
